 Dungeon Crawl Stone Soup version 0.29.0-4-gdea44cf6ec (webtiles) character file.

Game seed: 17235308400202080573

24 qw the Chopper (level 3, -4/20 (21) HPs)
             Began as a Tengu Warper on Aug 28, 2022.
             Slain by a necrophage (6 damage)
             ... on level 4 of the Dungeon.
             The game lasted 00:00:04 (1088 turns).

qw the Chopper (Tengu Warper)                       Turns: 1088, Time: 00:00:05

HP:   -4/20 (21)    AC:  3    Str: 13    XL:     3   Next: 2%
MP:   7/7           EV: 12    Int: 13    God:
Gold: 24            SH:  0    Dex: 13    Spells: 6/6 levels left

rFire   . . .      SeeInvis .   Y - +0 hand axe (freeze)
rCold   . . .      Faith    .   (no shield)
rNeg    . . .      Spirit   .   b - +0 leather armour
rPois   .          Reflect  .   (helmet restricted)
rElec   .          Harm     .   (no cloak)
rCorr   .          Rampage  .   (no gloves)
Will    .....                   (boots unavailable)
Stlth   +.........              (no amulet)
HPRegen 0.06/turn               (no ring)
MPRegen 0.10/turn               (no ring)

@: lightly drained
A: beak, talons 3
a: no special abilities


You were on level 4 of the Dungeon.
You visited 1 branch of the dungeon, and saw 3 of its levels.

You collected 24 gold pieces.


Innate Abilities, Weirdness & Mutations

You have a beak for a mouth.
You have claws for feet.


   Skills:
 - Level 2.0 Fighting
 + Level 3.7 Axes
 - Level 1.0 Throwing
 - Level 1.1 Armour
 - Level 2.1 Dodging
 - Level 2.0 Spellcasting
 - Level 2.4 Translocations


You had 6 spell levels left.
You didn't know any spells.
Your spell library contained the following spells:

 Spells                   Type           Power      Damage    Failure   Level
 Blink                    Tloc           14%        N/A       19%         2
 Gell's Gravitas          Tloc           7%         N/A       36%         3
 Lesser Beckoning         Tloc           7%         N/A       36%         3
 Teleport Other           Tloc           7%         N/A       36%         3
 Manifold Assault         Tloc           7%         N/A       98%         5

Inventory:

Hand Weapons
 f - a +0 club
 Y - a +0 hand axe of freezing (weapon)
Missiles
 c - 4 boomerangs (quivered)
Armour
 b - a +0 leather armour (worn)
Scrolls
 a - a scroll of identify
Potions
 d - a potion of degeneration {unknown}
 j - a potion of haste {unknown}

Dungeon Overview and Level Annotations

Branches:
Dungeon (4/15)
 Temple: D:4-7

Altars:


Message History

Enter note: A necrophage comes into view.
Found a fuming sapphire potion.
Found a stone staircase leading down.
Throw: 4 boomerangs
Press: ? - help, Q - select action Shift-Dir - straight line, f - necrophage You throw a boomerang.
The boomerang closely misses the necrophage.
Throw: 4 boomerangs
Press: ? - help, Q - select action Shift-Dir - straight line, f/p - necrophage You throw a boomerang.
The boomerang completely misses the necrophage.
Throw: 4 boomerangs
Press: ? - help, Q - select action Shift-Dir - straight line, f/p - necrophage You throw a boomerang.
The boomerang hits the necrophage.
The necrophage is lightly damaged.
Throw: 4 boomerangs
Press: ? - help, Q - select action Shift-Dir - straight line, f/p - necrophage You throw a boomerang.
The boomerang closely misses the necrophage.
You hit the necrophage. You claw the necrophage.
The necrophage is heavily damaged.
The necrophage hits you.
You feel drained.
You hit the necrophage but do no damage.
You claw the necrophage.
You peck the necrophage, but do no damage.
The necrophage is heavily damaged.
The necrophage barely misses you.
You hit the necrophage. Your kick misses the necrophage.
Your peck misses the necrophage.
The necrophage is severely damaged.
The necrophage hits you!
You hit the necrophage but do no damage.
Your peck misses the necrophage.
The necrophage is severely damaged.
The necrophage hits you.
You hit the necrophage.
You claw the necrophage, but do no damage.
The necrophage is severely damaged.
The necrophage hits you.
You die...

## #######
...##.....##
...........##
............#
.......@....#
......n.....#
>...........#
!......)....#
............#
...........##
..$.#.....#.
###.#.#####.#


You could see a necrophage.

Vanquished Creatures
  A worm (D:2)
  A dart slug (D:1)
  An endoplasm (D:1)
  3 goblins (D:1)
  3 hobgoblins (D:1)
  2 kobolds (D:1)
  A quokka (D:1)
  A ball python (D:1)
  3 bats (D:1)
  2 rats (D:1)
18 creatures vanquished.

Notes
Turn   | Place    | Note
-------+----------+-------------------------------------------
     0 | D:1      | qw the Tengu Warper began the quest for the Orb.
     0 | D:1      | Reached XP level 1. HP: 12/12 MP: 4/4
     0 | D:1      | 0 ||| qw: Version: 0.1-a-89-g26bdef1
     0 | D:1      | 0 ||| qw: Game counter: 1296
     0 | D:1      | 0 ||| qw: Always use a shield: true
     0 | D:1      | 0 ||| qw: God list: Okawaru
     0 | D:1      | 0 ||| qw: Allow faded altars: false
     0 | D:1      | 0 ||| qw: Do Orc after D:15 true
     0 | D:1      | 0 ||| qw: Do second Lair branch before Depths: true
     0 | D:1      | 0 ||| qw: Lair rune preference: random
     0 | D:1      | 0 ||| qw: Plans: Normal
     0 | D:1      | 0 ||| PLANNING D:1-11
   228 | D:1      | Reached XP level 2. HP: 17/17 MP: 6/6
   230 | D:1      | Reached skill level 3 in Axes
   422 | D:1      | Found a faded altar of an unknown god.
   541 | D:1      | 541 ||| Stepping ~*~*~tactically~*~*~ (stealth).
   543 | D:1      | 543 ||| Stepping ~*~*~tactically~*~*~ (stealth).
   616 | D:1      | 616 ||| Stepping ~*~*~tactically~*~*~ (stealth).
   617 | D:1      | 617 ||| Stepping ~*~*~tactically~*~*~ (stealth).
   621 | D:1      | 621 ||| Stepping ~*~*~tactically~*~*~ (stealth).
   624 | D:1      | 624 ||| Stepping ~*~*~tactically~*~*~ (stealth).
   668 | D:1      | 668 ||| Stepping ~*~*~tactically~*~*~ (stealth).
   674 | D:1      | 674 ||| Stepping ~*~*~tactically~*~*~ (stealth).
   900 | D:1      | 900 ||| READING 2 scrolls labelled ZYOBAH KOYCYLI.
   901 | D:1      | 901 ||| READING scroll labelled MOTACR WOFEWO.
   902 | D:1      | 902 ||| READING scroll labelled JELAYN BAMUW.
  1038 | D:1      | 1038 ||| READING scroll labelled JALOBE CYXEAK.
  1039 | D:1      | 1039 ||| DROPPING scroll of blinking.
  1076 | D:2      | Reached XP level 3. HP: 21/21 MP: 7/7
  1076 | D:2      | You fall into a shaft and drop 2 floors!
  1079 | D:4      | Noticed a necrophage
  1087 | D:4      | HP: 2/20 [necrophage (5)]
  1088 | D:4      | Slain by a necrophage

Levels and vault maps discovered:
D:1:      co_arrival_random_square_maze, layout_rooms, serial_curves,
          eino_curves_01, eino_curves_02,
          hellmonk_ecumenical_altar_leap_of_faith
D:2:      minmay_evil_eye, layout_basic, basic_altar, uniq_crazy_yiuf_cottage
D:4:      layout_rooms, grunt_temple_overflow_open, serial_shops, shop_statue,
          nicolae_zen_rock_garden

Skill      XL: |  1  2 |
---------------+-------+-----
Axes           | 3 |  3.7
Fighting       | |  2.0
Throwing       | |  1.0
Armour         | |  1.1
Dodging        | |  2.1
Spellcasting   | |  2.0
Translocations | |  2.4

Action                   || total
-------------------------++-------
Melee: Hand axe          ||    48
       Peck              ||     9
       Kick              ||    10
Throw: Boomerang         ||    15
  Use: Scroll            ||     4
Armor: Leather armour    ||    11
Dodge: Dodged            ||    30

Table legend:
 A = Non-vault XP
 B = Vault XP
 C = Vault XP percentage of total XP
 D = Non-vault monster count
 E = Vault monster count
 F = Vault count percentage of total count
                 A         B        C        D         E       F
            +---------+---------+-------+---------+---------+-------
      Total |      35 |       0 |   0.0 |      18 |       0 |   0.0
            +---------+---------+-------+---------+---------+-------
        D:1 |      30 |       0 |   0.0 |      17 |       0 |   0.0
        D:2 |       5 |       0 |   0.0 |       1 |       0 |   0.0
            +---------+---------+-------+---------+---------+-------
